AoeStats
← Ringed_bagels

Arabia

509795951Analyzed
3v3 RM · 3d ago on Sep 28, 2026· 54m 44s· 6 players
Game mode
Random Map
Map size
Normal (6 player)
Population
200
Speed
Normal
Resources
Standard
Victory
Conquest
Starting age
Dark Age
Ending age
Imperial Age
RankedLock teamsTeams togetherTeam positionsShared explorationLock speedFull tech treeHidden civsTurbo modeCheats
Victory
Defeat
🇦🇷 Mapuche · Argentina
1001
+15
🇦🇷 Persians · Argentina
984
+15
🇦🇷 Sicilians · Argentina
969
+43
🇺🇸 Varangians · United States
1011
-17
🇺🇸 Tupi · United States
999
-16
🇺🇸 Magyars · United States
907
-13
AirPerrone
9:29 Loom
11:21 Feudal Age
13:48 Bloodlines
14:49 Scale Barding Armor
16:19 Double-Bit Axe
19:23 Horse Collar
23:14 Castle Age
25:08 Fletching
25:26 Vendel Legacy
27:17 Forging
28:45 Husbandry
30:58 Chain Barding Armor
33:07 Heavy Plow
33:01 Gold Mining
34:25 Iron Casting
36:20 Wheelbarrow
49:39 Light Cavalry
Ringed_bagels
3:21 Loom
10:52 Feudal Age
11:39 Double-Bit Axe
14:07 Horse Collar
18:22 Castle Age
20:40 Padded Archer Armor
20:07 Elite Skirmisher
26:17 Ballistics
27:36 Thumb Ring
28:43 Pikeman
31:49 Corvinian Army
43:38 Imperial Age
42:41 Scale Barding Armor
42:52 Leather Archer Armor
50:03 Chemistry
Yelmite
12:08 Feudal Age
10:54 Loom
14:17 Feudal Age
18:25 Castle Age
17:45 Champi Runner
20:02 Double-Bit Axe
20:15 Gold Mining
20:24 Gold Mining
20:53 Arson
27:36 Pikeman
28:17 Squires
31:48 Fletching
31:59 Padded Archer Armor
34:21 Bodkin Arrow
40:55 Caciques
40:54 Scale Mail Armor
46:38 Chain Mail Armor
46:34 Forging
50:08 Iron Casting
Icedark012
11:51 Feudal Age
13:15 Double-Bit Axe
19:36 Scale Mail Armor
19:43 Gold Mining
21:00 Wheelbarrow
26:00 Castle Age
27:26 Stone Mining
28:12 Gold Shaft Mining
28:01 Chain Mail Armor
27:35 Horse Collar
33:42 Bow Saw
35:04 Forging
44:11 Stone Shaft Mining
54:41 Imperial Age
52:56 Iron Casting
errejupe
8:10 Loom
10:18 Feudal Age
11:14 Double-Bit Axe
11:31 Horse Collar
14:16 Town Watch
17:11 Castle Age
17:56 Fletching
18:31 Bow Saw
20:43 Gold Mining
20:57 Heavy Plow
22:36 Gold Shaft Mining
22:29 Ballistics
24:52 Stone Mining
27:09 Malon
28:42 Padded Archer Armor
29:31 Stone Shaft Mining
29:44 Bodkin Arrow
31:33 Padded Archer Armor
36:51 Imperial Age
36:53 Forging
39:28 Conscription
39:30 Elite Bolas Rider
42:50 Wheelbarrow
42:15 Town Patrol
44:42 Iron Casting
45:06 Hand Cart
45:51 Butalmapu
46:26 Elite Kona
51:19 Chemistry
55:37 Leather Archer Armor
56:22 Blast Furnace
Brunito72
2:36 Loom
6:15 Loom
9:02 Feudal Age
9:23 Double-Bit Axe
11:00 Town Watch
19:06 Castle Age
21:56 Scale Barding Armor
22:43 Forging
23:50 Wheelbarrow
23:26 Horse Collar
27:16 Bloodlines
27:07 Husbandry
35:33 Imperial Age
33:22 Heavy Plow
34:43 Bow Saw
35:05 Hand Cart
37:47 Crop Rotation
38:21 Two-Man Saw
39:09 Cavalier
40:30 Devotion
43:14 Savar
44:37 Thumb Ring
43:52 Crossbowman
49:04 Ballistics
49:44 Chemistry
51:48 Chain Barding Armor
52:03 Iron Casting
52:45 Kamandaran
53:12 Fletching
53:22 Padded Archer Armor
54:18 Bodkin Arrow
55:23 Blast Furnace
Connection lost

Rejoining the realm…

Still unreachable

The connection could not be restored.

Session expired

The server has moved on; the page needs a fresh start.